 Dungeon Crawl Stone Soup version 0.28-a0-1447-ga5a8893891 (webtiles) character file.

Game seed: 7384216358775307678

74 bladeefan the Skirmisher (level 4, 0/35 HPs)
             Began as a Demonspawn Fighter on Jan 11, 2022.
             Succumbed to a scorpion's poison
             ... on level 3 of the Dungeon.
             The game lasted 00:02:52 (2094 turns).

bladeefan the Skirmisher (Demonspawn Fighter)       Turns: 2094, Time: 00:02:52

Health: 0/35       AC:  6    Str: 18    XL:     4   Next: 10%
Magic:  4/4        EV: 11    Int: 10    God:
Gold:   121        SH:  8    Dex: 12    Spells: 3/3 levels left

rFire   . . .      SeeInvis .   a - +0 flail
rCold   . . .      Faith    .   c - +0 buckler
rNeg    . . .      Spirit   .   b - +0 scale mail
rPois   .          Reflect  .   (no helmet)
rElec   .          Harm     .   (no cloak)
rCorr   .          Rampage  .   (no gloves)
Will    .....                   (no boots)
Stlth   ..........              (no amulet)
HPRegen 0.11/turn               (no ring)
MPRegen 0.09/turn               (no ring)

@: lethally poisoned (0 -> -17), studying Shields
A: repulsion field 1, condensation shield
a: no special abilities


You were on level 3 of the Dungeon.
You visited 1 branch of the dungeon, and saw 3 of its levels.

You collected 121 gold pieces.

Inventory:

Hand Weapons
 a - a +0 flail (weapon)
Armour
 b - a +0 scale mail (worn)
 c - a +0 buckler (worn)
Jewellery
 o - a ring of protection from cold
   (You found it on level 2 of the Dungeon)
Wands
 v - a wand of digging (6)
   (You found it on level 2 of the Dungeon)
Scrolls
 d - a scroll of fog {unknown}
 f - a scroll of identify {unknown}


   Skills:
 + Level 3.5 Fighting
 * Level 3.1 Maces & Flails
 + Level 3.2 Armour
 - Level 2.6 Shields


You had 3 spell levels left.
You didn't know any spells.
Your spell library contained the following spells:

 Spells                   Type           Power      Damage    Failure   Level
 Foxfire                  Conj/Fire      0%         2x1d4     83%         1
 Sting                    Tmut/Pois      0%         1d3       83%         1
 Conjure Flame            Conj/Fire      0%         6-21      99%         3
 Inner Flame              Hex/Fire       0%         N/A       99%         3
 Flame Wave               Conj/Fire      0%         2d4       100%        4


Dungeon Overview and Level Annotations

Branches:
Dungeon (3/15)

Altars:


Innate Abilities, Weirdness & Mutations

You are surrounded by a mild repulsion field. (EV +2)
A meltable shield of frost defends you. (SH +4)


Message History

Key pressed, stopping explore.
Key pressed, stopping explore.
Found a wooden wand.
No target in view!
v - a wand of digging (6) Key pressed, stopping explore.
You open the door.
Found 8 gold pieces.
There is an open door here.
You now have 121 gold pieces (gained 8).
There is a shaft here.
Key pressed, stopping explore.
As you open the door, it creaks loudly!
There is an open door here.
There is an open door here.
You open the door.
There is an open door here.
You see here a +0 ring mail.
Done exploring.
(D) Dungeon
Where to? (Enter - D:2, ? - help)
There is a stone staircase leading down here.
You climb downwards.
There is a stone staircase leading up here.
Okay, then.
A scorpion comes into view.
A scorpion is nearby!
A scorpion is nearby!
You barely miss the scorpion. The scorpion closely misses you.
The scorpion stings you but does no damage.
You barely miss the scorpion. The scorpion stings you!
You sock the scorpion! The scorpion stings you.
You are poisoned.
The scorpion poisons you!
The scorpion stings you but does no damage.
You barely miss the scorpion.
You feel very sick. The scorpion barely misses you.
You barely miss the scorpion.
You feel sick. You block the scorpion's attack. The scorpion barely misses you.
You barely miss the scorpion.
You feel sick. The scorpion stings you.
* * * LOW HITPOINT WARNING * * *
You hit the scorpion.
You feel sick. The scorpion barely misses you. You block the scorpion's attack.
You closely miss the scorpion.
You feel sick. The scorpion stings you.
* * * LOW HITPOINT WARNING * * *
You are lethally poisoned!
The scorpion poisons you!
It was a potion of cancellation.
You feel magically purged.
You die...

#.......#
#.......#
#.......#
#.......#
#.......## .
......... ...
........###.....
#.##...@s......
#......###.....
####..<# ...
#...# . .......
#########


You could see a scorpion.

Vanquished Creatures
  2 adders (D:2)
  2 dart slugs
  5 bats
  6 endoplasms
  4 giant cockroaches
  3 goblins
  5 hobgoblins
  5 kobolds
  A quokka (D:1)
  4 ball pythons (D:2)
  3 frilled lizards
  8 rats
48 creatures vanquished.

Notes
Turn   | Place    | Note
-------+----------+-------------------------------------------
     0 | D:1      | bladeefan the Demonspawn Fighter began the quest for the
                  | Orb.
     0 | D:1      | Reached XP level 1. HP: 18/18 MP: 1/1
   179 | D:1      | Gained mutation: A meltable shield of frost defends you.
                  | (SH +4) [demonic ancestry]
   179 | D:1      | Reached XP level 2. HP: 24/24 MP: 2/2
   424 | D:1      | Found a faded altar of an unknown god.
   439 | D:1      | Got Plato's Incunabulum of Contamination
   706 | D:2      | Gained mutation: You are surrounded by a mild repulsion
                  | field. (EV +2) [demonic ancestry]
   706 | D:2      | Reached XP level 3. HP: 13/29 MP: 3/3
  1551 | D:2      | Reached XP level 4. HP: 22/35 MP: 4/4
  2082 | D:3      | Noticed a scorpion
  2094 | D:3      | Succumbed to a scorpion's poison

Illustrated notes

Levels and vault maps discovered:
D:1:      onia_arrival_mini_spirals, layout_rooms,
          shapermc_ecumenical_altar_rom_forum
D:2:      kb_forest_paths, layout_basic
D:3:      layout_loops_cross, mainiacjoe_overflow_tiny_flanked,
          kennysheep_generic_room_2

Skill      XL: |  1  2  3 |
---------------+----------+-----
Maces & Flails | 2 3 |  3.1
Armour         | 3 |  3.2
Fighting       | |  3.5
Shields        | |  2.6

Action                   |  1- 3 |  4- 6 || total
-------------------------+-------+-------++-------
Melee: Flail             |   122 |    20 ||   142
  Use: Potion            |     1 |     1 ||     2
Armor: Scale mail        |    48 |     8 ||    56
Dodge: Dodged            |    60 |    12 ||    72
Block: Buckler           |    50 |    11 ||    61

Table legend: (Time is in decaauts)
 A = Elapsed time spent in this place.
 B = Non-inter-level travel time spent in this place.
 C = Inter-level travel time spent in this place.
 D = Time resting spent in this place.
 E = Time spent auto-exploring this place.
 F = Levels seen in this place.
 G = Mean time per level.
                   A        B        C        D        E       F      G
               +--------+--------+--------+--------+--------+-----+--------+
         Total |   2137 |   2052 |     85 |    178 |   1522 |   3 |  712.3 |
       Dungeon |   2137 |   2052 |     85 |    178 |   1522 |   3 |  712.3 |
               +--------+--------+--------+--------+--------+-----+--------+

Top non-repeatable levels by time:
     D:2: 1422 daAuts
     D:1: 700 daAuts
     D:3: 14 daAuts
